 Dungeon Crawl Stone Soup version 0.17-a0-1954-g0dddeaa (webtiles) character file.

81 valsik64 the Chiller (level 4, -6/33 HPs)
             Began as a Merfolk Ice Elementalist on Oct 4, 2015.
             Mangled by Crazy Yiuf
             ... wielding a +4 quarterstaff of chaos
              (9 damage)
             ... while paralysed by Crazy Yiuf
             ... on level 2 of the Dungeon.
             The game lasted 00:20:54 (2768 turns).

valsik64 the Chiller (Merfolk Ice Elementalist)     Turns: 2768, Time: 00:20:54

Health: -6/33      AC:  2    Str:  8    XL:     4   Next: 42%
Magic:  7/7        EV:  2    Int: 15    God:
Gold:   63         SH:  0    Dex: 14    Spells: 2 memorised, 4 levels left

rFire  . . .     SeeInvis +     f - +0 short sword
rCold  . . .     Clarity  .     a - +0 robe
rNeg   . . .     SustAt   .     (no shield)
rPois  .         Gourm    .     (no helmet)
rElec  .         Spirit   .     (no cloak)
rCorr  .         Warding  .     (no gloves)
rMut   .         Stasis   .     (no boots)
MR     .....                    (no amulet)
Stlth  ++........               (no ring)
                                k - ring of see invisible

@: paralysed, lethally poisoned (-6 -> -15), not resistant to hostile
enchantments, unstealthy
A: change form in water, swift swim
a: no special abilities


You were on level 2 of the Dungeon.
You were not hungry.

You visited 1 branch of the dungeon, and saw 3 of its levels.

You collected 63 gold pieces.

Inventory:

Hand weapons
 f - a +0 short sword (weapon)
Missiles
 g - 75 stones (quivered)
 i - 29 arrows
Armour
 a - a +0 robe (worn)
 l - a cursed +0 ring mail
Jewellery
 k - a ring of see invisible (left hand)
Scrolls
 d - a scroll of fear {unknown}
 e - a scroll of teleportation {unknown}
 j - a scroll of remove curse {unknown}
 p - a scroll of magic mapping {unknown}
 q - a scroll of identify {unknown}
Potions
 m - 2 potions of might {unknown}
 n - a potion of ambrosia {unknown}
 o - a potion of lignification {unknown}
 r - a potion of poison {unknown}
Books
 b - a book of Frost

   Spells                             Type                      Level
   a - Freeze                         Ice                          1
   b - Throw Frost                    Conjuration/Ice              2
   c - Ozocubu's Armour               Charms/Ice                   3
   d - Throw Icicle                   Conjuration/Ice              4
   e - Summon Ice Beast               Ice/Summoning                4
   f - Condensation Shield            Ice                          4
Comestibles
 c - 2 bread rations
 h - a beef jerky


   Skills:
 - Level 2.0 Fighting
 - Level 2.6 Dodging
 - Level 2.1 Stealth
 - Level 2.0 Spellcasting
 - Level 0.7 Conjurations
 + Level 5.0 Ice Magic


You had 4 spell levels left.
You knew the following spells:

 Your Spells              Type           Power        Failure   Level  Hunger
a - Freeze                Ice            ###.         2%          1    #......
b - Throw Frost           Conj/Ice       ##....       12%         2    ###....


Dungeon Overview and Level Annotations

Branches:
Dungeon (3/15)

Altars:
Fedhas
Gozag
Nemelex Xobeh
Okawaru

Annotations:
D:2 Crazy Yiuf


Message History

HP restored.
You climb upwards.
Level annotation: Crazy Yiuf Crazy Yiuf hits you with a quarterstaff of chaos!
Crazy Yiuf burns you.
There is a stone staircase leading down, spattered with blood here.
Crazy Yiuf says, "Orb action illywillydillykilly!"
Crazy Yiuf hits you with a quarterstaff of chaos.
You suddenly lose the ability to move!
The kobold hits you but does no damage. The kobold hits you but does no damage.
Crazy Yiuf sings, "Trees, trees, trees, circus!"
Crazy Yiuf hits you with a quarterstaff of chaos.
The kobold hits you with a dagger.
Crazy Yiuf hits you with a quarterstaff of chaos.
* * * LOW HITPOINT WARNING * * *
You are lethally poisoned!
* * * LOW HITPOINT WARNING * * *
You feel sick. The kobold hits you but does no damage.
Crazy Yiuf hits you with a quarterstaff of chaos!
You die...

##...###......# #.....#########
##### #..≈..# ##...#
#########.≈K≈.######### .'...#
#......##.≈≈....>...... ##...#
#.#....##.......####### #...#
#.#....###(...........# #.###
#.#....# #.......###### #.#
#.####@###............. #.#
#.#..g.K...#.###.###### #.###
#.#.>..###.#........... #...#
#.#....# #.#.###.######
###.######.#....# #.#...........
#........#....# #...###.###...
####################...###.#.....
...................'...'...#.....
..##...#######.....#...#####.....


You could see Crazy Yiuf and a kobold.

Vanquished Creatures
  5 adders
  A worm (D:2)
  A bat (D:1)
  3 goblins (D:1)
  2 hobgoblins (D:2)
  A ball python (D:2)
  4 giant cockroaches
  4 giant newts
  9 kobolds
  A quokka (D:2)
  7 rats
38 creatures vanquished.

Notes
Turn   | Place    | Note
--------------------------------------------------------------
     0 | D:1      | valsik64 the Merfolk Ice Elementalist began the quest for the Orb.
     0 | D:1      | Reached XP level 1. HP: 13/13 MP: 3/3
   394 | D:1      | Reached skill level 1 in Fighting
   505 | D:1      | Reached XP level 2. HP: 21/21 MP: 3/5
   544 | D:1      | Learned a level 2 spell: Throw Frost
  1023 | D:1      | Reached XP level 3. HP: 27/27 MP: 3/6
  1377 | D:2      | Reached skill level 4 in Ice Magic
  1669 | D:2      | Reached XP level 4. HP: 24/33 MP: 1/7
  1978 | D:2      | Found an iron altar of Okawaru.
  2056 | D:2      | Found a sparkling altar of Nemelex Xobeh.
  2057 | D:2      | Found an opulent altar of Gozag.
  2275 | D:2      | Reached skill level 5 in Ice Magic
  2462 | D:2      | Noticed Crazy Yiuf
  2528 | D:3      | Found a blossoming altar of Fedhas.
  2765 | D:2      | Paralysed by Crazy Yiuf for 7 turns
  2768 | D:2      | Mangled by Crazy Yiuf

Vault maps used:
D:1:      minmay_arrival_stair_chambers
D:2:      grunt_temple_overflow_opulence, lemuel_coloured_pillars_altar,
          corexii_leaking_fountain, uniq_crazy_yiuf_cottage
D:3:      ashenzari_conservatory_becter, fedhas_altar_2, roderic_batcave

Action                   |  1- 3 |  4- 6 || total
-------------------------+-------+-------++-------
Melee: Unarmed           |    12 |       ||    12
       Short sword       |    13 |     6 ||    19
Throw: Stone             |     8 |       ||     8
 Cast: Freeze            |    32 |    10 ||    42
       Throw Frost       |    15 |     8 ||    23
 Stab: Sleeping          |     4 |       ||     4
  Eat: Chunk             |     4 |     3 ||     7
       Beef jerky        |       |     1 ||     1
